 Dungeon Crawl Stone Soup version 0.26-a0-658-gbdda728c12 (webtiles) character file.

Game seed: 10420004708141678777

10138 jasper the Covert (level 11, -2/54 HPs)
             Began as a Spriggan Venom Mage on Oct 4, 2020.
             Was a Believer of Vehumet.
             Slain by a torpor snail (18 damage)
             ... in a Gauntlet.
             The game lasted 00:37:55 (17884 turns).

jasper the Covert (Spriggan Venom Mage)            Turns: 17884, Time: 00:37:55

Health: -2/54      AC:  3    Str:  4    XL:     11   Next: 32%
Magic:  2/25       EV: 28    Int: 19    God:    Vehumet [**....]
Gold:   496        SH:  5    Dex: 18    Spells: 5/28 levels left

rFire    . . .     SeeInvis +   d - +0 hunting sling
rCold    + . .     Faith    .   (shield restricted)
rNeg     . . .     Spirit   .   a - +0 robe
rPois    +         Reflect  +   (helmet restricted)
rElec    .         Harm     .   f - +0 cloak
rCorr    .         Rampage  .   (gloves unavailable)
MR       +....     NoTele   +   (boots unavailable)
Stlth    +++++.....             Q - amulet of reflection
HPRegen  0.18/turn              o - ring of protection from cold
MPRegen  0.19/turn              y - ring of poison resistance

@: slowed, quick
A: very small, unfitting armour, see invisible, speed 3
a: Renounce Religion


You were in a Gauntlet.
You worshipped Vehumet.
Vehumet was pleased with you.
You visited 3 branches of the dungeon, and saw 14 of its levels.
You also visited: Gauntlet.

You collected 736 gold pieces.
You spent 240 gold pieces at shops.

Inventory:

Hand Weapons
 d - a +0 hunting sling (weapon)
 t - a +0 dagger of speed
Missiles
 c - 352 stones
 v - 71 sling bullets (quivered)
 E - a throwing net
Armour
 a - a +0 robe (worn)
 f - a +0 cloak (worn)
 u - a scarf of shadows
 K - +0 swamp dragon scales
Jewellery
 o - a ring of protection from cold (left hand)
 y - a ring of poison resistance (right hand)
 O - a +6 ring of intelligence
 Q - an amulet of reflection (around neck)
Wands
 G - a wand of random effects (11)
 N - a wand of paralysis (9)
Scrolls
 g - 6 scrolls of teleportation
 i - 2 scrolls of fear
 j - 3 scrolls of immolation
 l - a scroll of remove curse
 m - 3 scrolls of magic mapping
 w - a scroll of blinking {unknown}
 x - 3 scrolls of noise {unknown}
 A - a scroll of vulnerability {unknown}
 C - 3 scrolls of amnesia {unknown}
 H - a scroll of torment {unknown}
 I - a scroll of summoning {unknown}
 J - a scroll of enchant armour {unknown}
 M - a scroll of holy word {unknown}
 P - a scroll of enchant weapon {unknown}
 R - a scroll of acquirement {unknown}
Potions
 b - a potion of resistance
 e - 4 potions of brilliance
 h - a potion of heal wounds
 k - 2 potions of flight
 n - 4 potions of stabbing
 p - 3 potions of might {unknown}
 q - a potion of mutation {unknown}
 s - 5 potions of curing {unknown}
 z - a potion of degeneration {unknown}
 B - 3 potions of lignification {unknown}
 D - 3 potions of invisibility {unknown}
 F - a potion of ambrosia {unknown}
 L - 2 potions of haste {unknown}
Miscellaneous
 r - a condenser vane (1/2)
 S - a phial of floods (inert)


   Skills:
 + Level 4.5 Fighting
 + Level 11.2 Dodging
 + Level 12.4 Stealth
 + Level 9.1 Spellcasting
 + Level 4.2 Conjurations
 - Level 4.0 Translocations
 - Level 5.0 Transmutations
 - Level 2.0 Fire Magic
 - Level 3.0 Air Magic
 * Level 4.0 Earth Magic
 - Level 5.0 Poison Magic


You had 5 spell levels left.
You knew the following spells:

 Your Spells              Type           Power        Failure   Level
a - Sting                 Tmut/Pois      ####         1%          1
b - Poisonous Vapours     Pois/Air       ###...       2%          2
c - Mephitic Cloud        Conj/Pois/Air  ###.....     4%          3
d - Ignite Poison         Fire/Tmut/Pois ###.....     4%          3
e - Searing Ray           Conj           ###...       2%          2
f - Iskenderun's Mystic   Conj/Tloc      ###.....     14%         4
g - Swiftness             Air            ###.....     3%          2
h - Iron Shot             Conj/Erth      ###.......   93%         6

Your spell library contained the following spells:

 Spells                   Type           Power        Failure   Level
 Freeze                   Ice            #...         9%          1
 Beastly Appendage        Tmut           ####..       1%          1
 Magic Dart               Conj           ###.         1%          1
 Shock                    Conj/Air       ###.         1%          1
 Wereblood                Tmut           ####....     1%          2
 Spider Form              Tmut/Pois      ####......   3%          3
 Static Discharge         Conj/Air       ###.....     5%          3
 Conjure Flame            Conj/Fire      ###.....     7%          3
 Summon Small Mammal      Summ           #...         9%          1
 Dazzling Flash           Conj/Hex       ###...       11%         3
 Olgreb's Toxic Radiance  Pois           ####....     11%         4
 Call Imp                 Summ           #.......     12%         2
 Call Canine Familiar     Summ           #.......     24%         3
 Summon Guardian Golem    Hex/Summ       #.......     24%         3
 Airstrike                Air            ###.......   24%         4
 Ice Form                 Ice/Tmut       ###.....     28%         4
 Blade Hands              Tmut           ####......   28%         5
 Fulminant Prism          Conj/Hex       ###.......   34%         4
 Iskenderun's Battlesphe  Conj           ###.....     36%         5
 Summon Lightning Spire   Summ/Air       ##......     41%         4
 Lightning Bolt           Conj/Air       ###.......   45%         5
 Bolt of Magma            Conj/Fire/Erth ###.......   50%         5
 Summon Ice Beast         Ice/Summ       #.......     63%         4
 Freezing Cloud           Conj/Ice/Air   ###.......   99%         6
 Orb of Destruction       Conj           ###.......   100%        7
 Spellforged Servitor     Conj/Summ      ###.......   100%        7


Dungeon Overview and Level Annotations

Branches:
Dungeon (12/15)            Temple (1/1) D:6            Lair (1/6) D:8
Gauntlet (1/1)
    Orc: D:9-12

Altars:
Ashenzari
Cheibriados
Dithmenos
Elyvilon
Fedhas
Gozag
Hepliaklqana
Kikubaaqudgha
Makhleb
Nemelex Xobeh
Okawaru
Qazlal
Ru
Sif Muna
Trog
Uskayaw
Vehumet
Wu Jian
Xom
Yredelemnul
Zin
Beogh

Shops:
D:6 }

Annotations:
D:3 3 runed translucent doors, Grinder; Zenkrye's ghost, weakling KoBr
D:10 Gastronok Gauntlet 21 runed translucent doors, 9 transporters


Innate Abilities, Weirdness & Mutations

You are very small and have problems with some larger weapons.
You are too small for most types of armour.
You have supernaturally acute eyesight. (SInv)
You cover ground extremely quickly.


Message History

The torpor snail looks even sicker.
You block the torpor snail's attack. The yak gores you.
Firing (i - inventory. (/) - cycle)
v - 72 sling bullets (quivered)
Press: ? - help, Shift-Dir - straight line, f/p - torpor snail
Aim: a torpor snail (severely wounded, very poisoned)
You shoot a sling bullet. The sling bullet hits the torpor snail.
The torpor snail is almost dead.
You kill the yak!
Vehumet accepts your kill.
Your Earth Magic skill increases to level 4!
The torpor snail bites you! The yak closely misses you.
The torpor snail bites you!!
* * * LOW HITPOINT WARNING * * *
You hear a bellow!
Unknown command.
You feel much better. The yak misses you. The yak closely misses you.
The torpor snail bites you!
* * * LOW HITPOINT WARNING * * *
You feel much better. You block the yak's attack. The torpor snail bites you!!
You die...

#.....#.©.#....≈..........
###...8.#...#...≈8≈.........
#8#.....#.©.#....≈..........
###..###########...#########
#..##........#.8.#....©!#.
###..#©######..#...#.....#..
#8#..###....##.######....#..
###..##.####Y#.#...#.##.#...
#..#.##.w@##.#©.©#Y..###..
###..#.#.####.##...#9..©#.##
#8#..#.##....#######...#§...
###..#Yw#####.$#...#...#....
#..#.w......?#.8.#..#.....
###..###########...#########
#8#.....................©...
###≈........................
##########################


You could see a torpor snail (poisoned) and a yak.

Vanquished Creatures
  Harold (D:7)
  An unseen horror (D:11)
  An ugly thing (D:11)
  Maurice (D:8)
  A cane toad (D:8)
  A centaur skeleton (D:11)
  Maggie (D:7)
  2 trolls
  9 yaks
  Grum (D:9)
  A water moccasin (D:5)
  3 sky beasts
  An ice beast (D:7)
  3 orc warriors
  A black bear (D:6)
  2 wolves (D:9)
  2 phantoms
  3 centaurs
  3 ghosts
  3 ogres
  2 bullfrogs (D:8)
  A wyvern zombie (D:12)
  4 scorpions
  2 water moccasin skeletons (D:4)
  16 killer bees
  2 jellies
  A howler monkey (D:10)
  24 wights
  A bullfrog zombie (D:7)
  A centaur zombie (D:5)
  2 hounds
  8 orc wizards
  2 bullfrog skeletons
  3 orc priests
  An iguana (D:9)
  Natasha (D:3)
  12 worker ants
  A hound zombie (D:7)
  3 hound skeletons
  8 adders
  9 gnolls
  3 shadow imps
  A white imp (D:5)
  2 ufetubi (D:5)
  An adder skeleton (D:5)
  A worm (D:2)
  2 dart slugs
  5 leopard geckos
  34 orcs
  2 ball pythons
  4 giant cockroaches
  3 hobgoblins
  4 jackals (D:6)
  6 kobolds
  4 quokkas
  3 bats
  3 frilled lizards
  A giant cockroach zombie (D:6)
  2 goblins (D:3)
  2 jackal skeletons (D:7)
  A leopard gecko skeleton (D:6)
  A quokka skeleton (D:7)
  8 rats
  A toadstool (D:1)
239 creatures vanquished.

Vanquished Creatures (others)
  A killer bee (D:7)
  7 plants (D:6)
  3 toadstools (D:1)
  A withered plant (D:3)
12 creatures vanquished.

Grand Total: 251 creatures vanquished

Notes
Turn   | Place    | Note
-------+----------+-------------------------------------------
     0 | D:1      | jasper the Spriggan Venom Mage began the quest for the Orb.
     0 | D:1      | Reached XP level 1. HP: 9/9 MP: 5/5
   560 | D:1      | Reached XP level 2. HP: 13/13 MP: 6/6
   566 | D:1      | Learned a level 2 spell: Poisonous Vapours
  1389 | D:2      | Reached XP level 3. HP: 16/16 MP: 3/8
  1440 | D:2      | Learned a level 3 spell: Mephitic Cloud
  1784 | D:3      | Reached skill level 4 in Stealth
  1784 | D:3      | Reached XP level 4. HP: 21/21 MP: 0/10
  2425 | D:3      | Reached XP level 5. HP: 24/24 MP: 11/11
  2432 | D:3      | Learned a level 3 spell: Ignite Poison
  2983 | D:3      | Noticed Natasha
  2985 | D:3      | Killed Natasha
  2985 | D:3      | Reached skill level 5 in Stealth
  3075 | D:3      | Noticed Grinder
  3254 | D:3      | Found a basalt altar of Yredelemnul.
  3288 | D:3      | Found a runed translucent gate.
  3324 | D:3      | Found a runed translucent gate.
  3324 | D:3      | Found a runed translucent gate.
  3325 | D:3      | Found a roughly hewn altar of Beogh.
  3327 | D:3      | Identified the +0 leather armour of the Sacrificial Victim
                  | {rPois rF- MR+ Str+3}
  3327 | D:3      | Noticed Zenkrye's ghost (weakling KoBr)
  3599 | D:4      | Reached XP level 6. HP: 28/28 MP: 8/13
  3793 | D:4      | Reached skill level 5 in Dodging
  5120 | D:5      | Entered Level 5 of the Dungeon
  5140 | D:5      | Noticed a sky beast
  5191 | D:5      | Noticed a water moccasin
  5209 | D:5      | Killed a water moccasin
  5209 | D:5      | Reached skill level 6 in Stealth
  5209 | D:5      | Reached XP level 7. HP: 32/32 MP: 3/15
  5212 | D:5      | Reached skill level 5 in Spellcasting
  5397 | D:5      | Reached skill level 5 in Transmutations
  5626 | D:5      | Reached skill level 5 in Poison Magic
  5743 | D:5      | Reached skill level 7 in Stealth
  6313 | D:5      | Reached XP level 8. HP: 36/36 MP: 10/17
  6758 | D:6      | Found Folih's Gadget Emporium.
  6766 | D:6      | Bought a condenser vane (2/2) for 240 gold pieces
  6815 | D:6      | Reached skill level 1 in Air Magic
  6885 | D:6      | Reached skill level 1 in Fire Magic
  6892 | D:6      | Reached skill level 1 in Conjurations
  7024 | D:6      | Learned a level 2 spell: Searing Ray
  7397 | D:6      | Found a staircase to the Ecumenical Temple.
  7404 | Temple   | Entered the Ecumenical Temple
  7547 | Temple   | Became a worshipper of Vehumet
  8247 | D:7      | Upgraded the game from 0.26-a0-653-g6669bab64c to
                  | 0.26-a0-658-gbdda728c12
  8429 | D:7      | Noticed Harold
  8458 | D:7      | Killed Harold
  8458 | D:7      | Reached skill level 9 in Stealth
  8458 | D:7      | Reached XP level 9. HP: 21/39 MP: 1/19
  9153 | D:7      | Reached skill level 1 in Fighting
  9340 | D:7      | Noticed Maggie
  9741 | D:8      | Reached skill level 10 in Stealth
  9908 | D:8      | Noticed a troll
  9913 | D:8      | Killed a troll
  9984 | D:8      | Found an iron altar of Okawaru.
 10066 | D:8      | Found a stormy altar of Qazlal.
 10220 | D:8      | Found a shimmering altar of Xom.
 10277 | D:8      | Found a sacrificial altar of Ru.
 10407 | D:8      | Found a staircase to the Lair.
 10431 | D:8      | Lost strength.
 10510 | D:8      | Noticed Maurice
 10515 | D:8      | Killed Maurice
 10973 | D:9      | Learned a level 4 spell: Iskenderun's Mystic Blast
 11138 | D:9      | Reached XP level 10. HP: 47/47 MP: 15/23
 11201 | D:9      | Noticed Grum
 11326 | D:9      | Killed Grum
 11326 | D:9      | Reached skill level 1 in Translocations
 11434 | D:9      | Found a blossoming altar of Fedhas.
 12042 | D:10     | Entered Level 10 of the Dungeon
 12047 | D:10     | Reached skill level 11 in Stealth
 12168 | D:10     | Noticed Gastronok
 12644 | D:7      | Killed Maggie
 12869 | D:7      | Reached * piety under Vehumet
 12869 | D:7      | Offered knowledge of Foxfire by Vehumet.
 13191 | D:7      | Learned a level 2 spell: Swiftness
 13316 | Lair:1   | Entered Level 1 of the Lair of Beasts
 13318 | Lair:1   | Noticed a cane toad
 13338 | D:8      | Reached skill level 10 in Dodging
 13967 | Lair:1   | Noticed a black mamba
 14000 | D:8      | Killed a cane toad
 14181 | D:10     | Learned a level 6 spell: Iron Shot
 14290 | D:10     | Reached skill level 1 in Earth Magic
 15246 | D:10     | Reached ** piety under Vehumet
 15255 | D:10     | Offered knowledge of Freeze by Vehumet.
 16094 | D:11     | Noticed an unseen horror
 16103 | D:11     | Killed an unseen horror
 16103 | D:11     | Reached skill level 12 in Stealth
 16266 | D:11     | Noticed a green ugly thing
 16302 | D:11     | Reached XP level 11. HP: 53/53 MP: 18/24
 16922 | D:11     | Killed a green ugly thing
 17551 | D:12     | Found a gate leading to a gauntlet.
 17592 | Gauntlet | Entered a Gauntlet
 17592 | Gauntlet | Found a large runed translucent door.
 17592 | Gauntlet | Found a large runed translucent door.
 17592 | Gauntlet | Found a large runed translucent door.
 17592 | Gauntlet | Found a large runed translucent door.
 17592 | Gauntlet | Found a runed translucent door.
 17592 | Gauntlet | Found a large runed translucent door.
 17592 | Gauntlet | Found a large runed translucent door.
 17592 | Gauntlet | Found a transporter.
 17592 | Gauntlet | Found a transporter.
 17592 | Gauntlet | Found a large runed translucent door.
 17592 | Gauntlet | Found a large runed translucent door.
 17592 | Gauntlet | Found a runed translucent gate.
 17592 | Gauntlet | Found a runed translucent gate.
 17592 | Gauntlet | Found a transporter.
 17592 | Gauntlet | Noticed a hell hog
 17607 | Gauntlet | Found a transporter.
 17610 | Gauntlet | Found a transporter.
 17611 | Gauntlet | Found a runed translucent gate.
 17611 | Gauntlet | Found a runed translucent door.
 17615 | Gauntlet | Found a large runed translucent door.
 17615 | Gauntlet | Found a large runed translucent door.
 17622 | Gauntlet | Found a transporter.
 17652 | Gauntlet | Found a large runed translucent door.
 17652 | Gauntlet | Found a large runed translucent door.
 17655 | Gauntlet | Found a large runed translucent door.
 17655 | Gauntlet | Found a large runed translucent door.
 17656 | Gauntlet | Found a large runed translucent door.
 17657 | Gauntlet | Found a large runed translucent door.
 17677 | Gauntlet | Noticed a catoblepas
 17686 | Gauntlet | Found a transporter.
 17706 | Gauntlet | Found a transporter.
 17711 | Gauntlet | Found a transporter.
 17723 | Gauntlet | Found a transporter.
 17736 | Gauntlet | Found a transporter.
 17742 | Gauntlet | Found a transporter.
 17882 | Gauntlet | HP: 1/54 [torpor snail (21)]
 17884 | Gauntlet | Slain by a torpor snail

Illustrated notes

Levels and vault maps discovered:
D:1:      ldierk_water_garden, layout_basic
D:2:      layout_basic
D:3:      layout_basic, nicolae_overflow_hidden_temple,
          biasface_ghost_orc_armoury, yredelemnul_altar_generic, uniq_grinder,
          uniq_natasha
D:4:      layout_loops_cross
D:5:      layout_basic, serial_curves, eino_curves_02, eino_curves_03,
          zaba_anthole, chequers_serial_rivers_micro_d, lemuel_flamethrower_1
D:6:      layout_gridville, minmay_temple_entry_junction, serial_shops, shop,
          kennysheep_boxes
D:7:      layout_cave_pods, uniq_maggie, uniq_harold
D:8:      layout_loops_ring, nicolae_overflow_quartered_altars,
          lair_entry_dummy, chequers_serial_rivers_room_a,
          minmay_misc_feat_rows, uniq_maurice
D:9:      layout_stronghold, overflow_temple_1_default, uniq_grum
D:10:     layout_roguey, chequers_mini_garden, uniq_gastronok
D:11:     layout_big_octagon, serial_glass, glass_columns_a, glass_columns_a
D:12:     layout_rooms, orc_0_dummy, gauntlet_entry_generic, special_room
          [special_room_bee], serial_glass, glass_columns_b, glass_columns_a
Temple:   regret_index_temple_sphere_string
Lair:1:   layout_gridlike, ebering_ghost_rock_garden,
          eino_small_chamber_without_monster, guppyfry_lair_drakes,
          grunt_megastairs_4
Gauntlet: gammafunk_gauntlet_shortcut
          [minmay_gauntlet_arena_make_your_own_arena,
          gammafunk_gauntlet_arena_crates, nicolae_gauntlet_swirl,
          gammafunk_gauntlet_arena_spirals, nicolae_gauntlet_arena_blocks,
          nicolae_gauntlet_arena_grate_2, gauntlet_exit_spiral]

Skill      XL: |  1  2  3  4  5  6  7  8  9 10 11 |
---------------+----------------------------------+-----
Spellcasting   | 3 4 5 6 8 9 |  9.1
Transmutations | 2 3 4 5 |  5.0
Stealth        | 4 5 6 7 9 10 12 | 12.4
Dodging        | 4 5 6 8 9 10 11 | 11.2
Poison Magic   | 4 5 |  5.0
Air Magic      | 3 |  3.0
Fire Magic     | 2 |  2.0
Conjurations   | 3 4 |  4.2
Fighting       | 2 4 |  4.5
Translocations | 4 |  4.0
Earth Magic    | 2 4 |  4.0

Action                   |  1- 3 |  4- 6 |  7- 9 | 10-12 || total
-------------------------+-------+-------+-------+-------++-------
Melee: Unarmed           |     5 |       |       |       ||     5
 Fire: Hunting sling     |    40 |   125 |   120 |   110 ||   395
Throw: Stone             |     1 |       |       |       ||     1
 Cast: Sting             |    13 |     5 |     3 |     1 ||    22
       Poisonous Vapours |    24 |    60 |    99 |   109 ||   292
       Mephitic Cloud    |       |     3 |    15 |    14 ||    32
       Ignite Poison     |       |     3 |    13 |    14 ||    30
       Searing Ray       |       |       |    10 |    57 ||    67
       Iskenderun's Myst |       |       |       |     2 ||     2
Evoke: Condenser vane    |       |       |       |     1 ||     1
       Phial of floods   |       |       |       |     1 ||     1
  Use: Scroll            |       |       |     9 |     1 ||    10
       Potion            |       |       |       |     2 ||     2
Armor: Robe              |     1 |     1 |     4 |     4 ||    10
Dodge: Dodged            |     6 |    46 |    88 |   152 ||   292
Block: Other             |       |       |       |     8 ||     8

Table legend: (Time is in decaauts)
 A = Elapsed time spent in this place.
 B = Non-inter-level travel time spent in this place.
 C = Inter-level travel time spent in this place.
 D = Time resting spent in this place.
 E = Time spent auto-exploring this place.
 F = Levels seen in this place.
 G = Mean time per level.
                   A        B        C        D        E       F      G
               +--------+--------+--------+--------+--------+-----+--------+
         Total |  14650 |  14287 |    363 |   3131 |   8813 |  15 |  976.7 |
       Dungeon |  14313 |  13964 |    349 |   3116 |   8611 |  12 | 1192.8 |
        Temple |    102 |     88 |     14 |      0 |     80 |   1 |  102.0 |
          Lair |     30 |     30 |      0 |      0 |      6 |   1 |   30.0 |
      Gauntlet |    204 |    204 |      0 |     15 |    116 |   1 |  204.0 |
               +--------+--------+--------+--------+--------+-----+--------+

Top non-repeatable levels by time:
    D:10: 1854 daAuts
     D:7: 1832 daAuts
     D:8: 1503 daAuts
    D:11: 1462 daAuts
     D:4: 1433 daAuts
     D:5: 1265 daAuts
     D:9: 1105 daAuts
     D:6: 1098 daAuts
     D:2: 1060 daAuts
     D:3: 1034 daAuts
     D:1: 623 daAuts
Gauntlet: 204 daAuts
  Temple: 102 daAuts
    D:12: 39 daAuts
  Lair:1: 30 daAuts
